 Dungeon Crawl Stone Soup version 0.23-a0-290-g290e36d (webtiles) character file.

367 RoseArtemis the Insei (level 7, -5/54 HPs)
             Began as a Human Monk on Oct 3, 2018.
             Was a Believer of Wu Jian.
             Slain by an ogre
             ... wielding a +0 giant club
              (30 damage)
             ... on level 4 of the Dungeon.
             The game lasted 00:15:39 (5632 turns).

RoseArtemis the Insei (Human Monk)                  Turns: 5632, Time: 00:15:40

Health: -5/54      AC:  3    Str: 13    XL:     7   Next: 1%
Magic:  7/7        EV: 14    Int: 10    God:    Wu Jian [**....]
Gold:   203        SH:  0    Dex: 16    Spells: 6/6 levels left

rFire    . . .     SeeInvis .     - Unarmed
rCold    . . .     Gourm    +   (no shield)
rNeg     . . .     Faith    .   c - +0 leather armour (curse)
rPois    .         Spirit   .   (no helmet)
rElec    .         Reflect  .   (no cloak)
rCorr    .         Harm     .   (no gloves)
MR       .....                  (no boots)
Stlth    ++........             i - amulet of the gourmand
HPRegen  0.18/turn              (no ring)
MPRegen  0.10/turn              (no ring)

@: no status effects
A: no striking features
a: Wall Jump, Renounce Religion


You were on level 4 of the Dungeon.
You worshipped Wu Jian.
Wu Jian was pleased with you.
You were not hungry.

You visited 1 branch of the dungeon, and saw 4 of its levels.

You collected 203 gold pieces.

Inventory:

Missiles
 q - 10 poisoned needles
Armour
 c - a cursed +0 leather armour (worn)
 g - a +0 shield
 n - a +0 leather armour
 p - a +0 robe
Jewellery
 i - an amulet of the gourmand (around neck)
Wands
 r - a wand of digging (7)
Scrolls
 e - a scroll of immolation {unknown}
 s - a scroll of fog {unknown}
Potions
 a - a potion of berserk rage {unknown}
 f - 2 potions of cancellation {unknown}
 j - 3 potions of curing {unknown}
 k - 2 potions of degeneration {unknown}
 l - a potion of lignification {unknown}
 m - a potion of heal wounds {unknown}
 o - a potion of might {unknown}
Comestibles
 b - 7 rations
 h - 4 chunks of flesh


   Skills:
 + Level 4.0 Fighting
   Level 2.0 Staves
 - Level 4.0 Dodging
 + Level 3.4 Stealth
 + Level 2.0 Shields
 * Level 4.3 Unarmed Combat


You had 6 spell levels left.
You didn't know any spells.
Your spell library was empty.

Dungeon Overview and Level Annotations

Branches:
Dungeon (4/15)
 Temple: D:4-7

Altars:
Ashenzari
Makhleb
Okawaru
Trog
Vehumet
Wu Jian


Message History

An ogre comes into view. It is wielding a giant club.
The ogre shouts!
You spin and attack the ogre.
You hit the ogre.
The ogre is moderately wounded.
You spin and attack the ogre.
You hit the ogre.
The ogre is moderately wounded.
The ogre hits you with a giant club!
You spin and attack the ogre.
You barely miss the ogre.
The ogre is moderately wounded.
The ogre barely misses you.
You hit the ogre.
The ogre is heavily wounded.
The ogre hits you with a giant club!!
You barely miss the ogre.
The ogre is heavily wounded.
You spin and attack the ogre.
You barely miss the ogre.
The ogre is heavily wounded.
The ogre hits you with a giant club!!
Ouch! That really hurt!
You die...

#.....#.....................,****
#.....#.....######+#######..,,,,,
...)..#.....#............*,,,,,,,
......'.....#............*,,,,,,,
......#.....#............+,,,,,,,
......#.....+...........,*,,,,,,,
......#.....#.....).....,*,,,,,,,
#####.#.....#'##...###.,.#,,,,,,,
#.##+#.....#@..###...#*******
#....#.....#.O........,,,,*,,
#....'.....#.....?....,,,,*,,
#....#.....+..........,,,,*,,
#....#.....#..........,,,,*,,
######.....###########*******
#######


You could see an ogre (pinned).

Vanquished Creatures
  2 crimson imps (D:4)
  Natasha (twice) (D:4)
  3 worker ants (D:4)
  7 adders
  An adder zombie (D:1)
  3 worms
  3 dart slugs
  2 leopard geckos
  An orc (D:4)
  10 bats
  6 giant cockroaches
  10 goblins
  10 hobgoblins
  12 jackals
  A quokka (D:2)
  2 ball pythons
  6 frilled lizards
  9 kobolds
  A leopard gecko zombie (D:1)
  5 rats
96 creatures vanquished.

Notes
Turn   | Place    | Note
-------+----------+-------------------------------------------
     0 | D:1      | RoseArtemis the Human Monk began the quest for the Orb.
     0 | D:1      | Reached XP level 1. HP: 18/18 MP: 1/1
    85 | D:1      | Reached XP level 2. HP: 24/24 MP: 2/2
   379 | D:1      | Reached XP level 3. HP: 24/29 MP: 3/3
  1581 | D:2      | Reached XP level 4. HP: 35/35 MP: 4/4
  3392 | D:3      | Reached XP level 5. HP: 41/41 MP: 5/5
  3703 | D:3      | Found a shattered altar of Ashenzari.
  3735 | D:3      | Reached skill level 1 in Shields
  4299 | D:3      | Found an ornate altar of the Wu Jian Council.
  4302 | D:3      | Became a worshipper of the Wu Jian Council
  4302 | D:3      | Reached * piety under Wu Jian
  4302 | D:3      | Reached ** piety under Wu Jian
  4653 | D:4      | Got a jewelled mace
  4707 | D:4      | Found a radiant altar of Vehumet.
  4708 | D:4      | Found a burning altar of Makhleb.
  4782 | D:4      | Got a transparent quarterstaff
  4795 | D:4      | Identified the +8 quarterstaff of Risk Management {elec,
                  | +Fly MP+9 SInv} (You found it on level 4 of the Dungeon)
  4979 | D:4      | Reached XP level 6. HP: 41/48 MP: 6/6
  5096 | D:4      | Noticed Natasha
  5099 | D:4      | Killed Natasha
  5129 | D:4      | Reached skill level 1 in Staves
  5316 | D:4      | Noticed Natasha
  5321 | D:4      | Killed Natasha
  5522 | D:4      | Reached XP level 7. HP: 54/54 MP: 7/7
  5562 | D:4      | Found an iron altar of Okawaru.
  5562 | D:4      | Found a bloodstained altar of Trog.
  5632 | D:4      | Slain by an ogre

Vault maps used:
D:1:      saegor_arrival_fortress
D:2:      first_ration
D:3:      kennysheep_big_flooded_room, lemuel_doored_altar,
          cheibrodos_ashenzari_chains
D:4:      grunt_temple_overflow_bloody_war,
          grunt_temple_overflow_lords_of_destruction, uniq_natasha

Skill      XL: |  1  2  3  4  5  6 |
---------------+-------------------+-----
Unarmed Combat | 4 |  4.3
Shields        | 1 2 |  2.0
Stealth        | 3 |  3.4
Staves         | 2 |  2.0
Dodging        | 4 |  4.0
Fighting       | 4 |  4.0

Action                   |  1- 3 |  4- 6 |  7- 9 || total
-------------------------+-------+-------+-------++-------
Melee: Unarmed           |   122 |   309 |     7 ||   438
       Punch             |     2 |       |       ||     2
       Quarterstaff      |       |    25 |       ||    25
 Fire: Blowgun           |       |     2 |       ||     2
Invok: Whirlwind         |       |    33 |     4 ||    37
       Wall Jump         |       |    15 |       ||    15
       Lunge             |       |     9 |     1 ||    10
  Use: Scroll            |       |     5 |     1 ||     6
 Stab: Sleeping          |     5 |    12 |     1 ||    18
       Distracted        |     1 |       |       ||     1
  Eat: Chunk             |     2 |    13 |       ||    15
Armor: Robe              |    32 |    27 |       ||    59
       Leather armour    |       |    21 |       ||    21
Dodge: Dodged            |    80 |   121 |     1 ||   202
Block: Shield            |       |    75 |       ||    75

Table legend:
 A = Non-vault XP
 B = Vault XP
 C = Vault XP percentage of total XP
 D = Non-vault monster count
 E = Vault monster count
 F = Vault count percentage of total count
                 A         B        C        D         E       F
            +---------+---------+-------+---------+---------+-------
      Total |     426 |      99 |  18.9 |      89 |       7 |   7.3
            +---------+---------+-------+---------+---------+-------
        D:1 |      42 |       7 |  14.3 |      24 |       2 |   7.7
        D:2 |      46 |       0 |   0.0 |      18 |       0 |   0.0
        D:3 |      96 |       4 |   4.0 |      37 |       2 |   5.1
        D:4 |     242 |      88 |  26.7 |      10 |       3 |  23.1
            +---------+---------+-------+---------+---------+-------
